 Dungeon Crawl Stone Soup version 0.30.1-11-g7821555f0a (webtiles) character file.

Game seed: 10196308655767589180

2255 hawla the Destroyer (level 9, -4/45 HPs)
             Began as a Deep Elf Fire Elementalist on Oct 28, 2023.
             Slain by an orc knight
             ... wielding a +0 war axe
              (6 damage)
             ... in a bailey on Oct 30, 2023.
             The game lasted 00:19:43 (7007 turns).

hawla the Destroyer (Deep Elf Fire Elementalist)    Turns: 7007, Time: 00:19:43

Health: -4/45      AC:  7    Str:  5    XL:     9   Next: 15%
Magic:  8/31       EV: 12    Int: 29    God:
Gold:   251        SH:  0    Dex: 15    Spells: 7/23 levels left

rFire   + + .        r - staff of fire
rCold   + + +        (no shield)
rNeg    . . .        t - +2 leather armour of Mutualism {rC++ Int+4}
rPois   +            (no helmet)
rElec   +            A - +1 cloak {rPois}
rCorr   +            (no gloves)
SInv    .            (no boots)
Will    .....        (no amulet)
Stlth   ++           f - ring of resist corrosion
HPRegen 0.27/turn    k - ring of magical power
MPRegen 0.22/turn

%: no passive effects
@: about to teleport, resistant, marked, attractive
A: MP-powered wands
a: no special abilities


You were in a bailey.
You visited 1 branch of the dungeon, and saw 7 of its levels.
You also visited: Bailey.

You collected 361 gold pieces.
You spent 110 gold pieces at shops.

Inventory:

Armour
 t - the +2 leather armour of Mutualism (worn) {rC++ Int+4}
   (You found it on level 4 of the Dungeon)

   Int:       It affects your intelligence (+4).
   rC:        It greatly protects you from cold.
 y - +0 steam dragon scales
 A - a +1 cloak of poison resistance (worn)
Magical Staves
 r - a staff of fire (weapon)
Jewellery
 f - a ring of resist corrosion (left hand)
 k - a ring of magical power (right hand)
Wands
 a - a wand of mindburst (16)
 s - a wand of iceblast (14) (quivered)
Scrolls
 j - 6 scrolls of immolation
 o - a scroll of fear
 p - a scroll of teleportation
Potions
 c - 2 potions of berserk rage
 d - 2 potions of ambrosia {unknown}
 h - 2 potions of resistance
 i - 5 potions of attraction
 l - 2 potions of lignification
 m - a potion of might
 n - 2 potions of haste
 q - 6 potions of flight
 z - a potion of curing {unknown}


   Skills:
 + Level 0.1 Fighting
 + Level 3.0 Dodging
 + Level 3.9 Stealth
 + Level 7.5 Spellcasting
 + Level 8.2 Conjurations
 + Level 5.4 Necromancy
 + Level 6.3 Fire Magic
 + Level 3.0 Evocations


You had 7 spell levels left.
You knew the following spells:

 Your Spells              Type           Power      Damage    Failure   Level
a - Foxfire               Conj/Fire      100%       2x1d9     1%          1
b - Scorch                Fire           100%       2d9       1%          2
c - Flame Wave            Conj/Fire      68%        2d15      4%          4
d - Iskenderun's Battles  Conj           55%        2d11      8%          5
e - Dispel Undead         Necr           42%        3d17      9%          4

Your spell library contained the following spells:

 Spells                   Type           Power      Damage    Failure   Level
 Vampiric Draining        Necr           42%        2d9       2%          3
 Inner Flame              Hex/Fire       44%        N/A       7%          3
 Volatile Blastmotes      Fire/Tloc      88%        2d17      7%          3
 Slow                     Hex            40%        N/A       9%          1
 Summon Small Mammal      Summ           40%        N/A       9%          1
 Call Canine Familiar     Summ           10%        N/A       24%         3
 Confusing Touch          Hex            10%        N/A       24%         3
 Summon Guardian Golem    Hex/Summ       10%        N/A       24%         3
 Iron Shot                Conj/Erth      17%        9d4       92%         6
 Spellforged Servitor     Conj/Summ      17%        N/A       100%        7


Dungeon Overview and Level Annotations

Branches:
Dungeon (7/15)             Temple (0/1) D:7          Bailey (1/1)

Altars:
Hepliaklqana
Yredelemnul

Shops:
D:2 =   D:5 [   D:6 :


Innate Abilities, Weirdness & Mutations

You expend magic power (3 MP) to strengthen your wands.


Message History

The gnoll barely misses you. The kobold hits your battlesphere.
Your battlesphere is destroyed!
Casting: Foxfire (safe; 1% risk of failure)
Confirm with . or Enter, or press ? or * to list all spells.
Casting: Flame Wave (dangerous; 4% risk of failure)
Press: ? - help, Dir - look around, f - activate You feel a surge of power!
A wave of flame ripples out!
The flame wave engulfs the gnoll!
You kill the gnoll!
The flame wave engulfs the hobgoblin!
You kill the hobgoblin!
The flame wave engulfs the goblin!
You kill the goblin! (Press . to intensify the flame waves.)
A wave of flame ripples out!
The flame wave engulfs the gnoll!!
You kill the gnoll!
Things that are here:
a +0 hand axe; a +0 leather armour; a goblin corpse
There is an open door here.
Things that are here:
a +0 hand axe; a +0 leather armour The hobgoblin hits you with a +0 hand axe.
* * * LOW HITPOINT WARNING * * *
You see here 2 potions of flight.
q - 6 potions of flight (gained 2)
The orc knight roars a battlecry!
The hobgoblin barely misses you.
As you read the scroll of teleportation, it crumbles to dust.
You feel strangely unstable.
The hobgoblin hits you with a +0 hand axe.
* * * LOW HITPOINT WARNING * * *
It was a potion of attraction.
You feel attractive to monsters.
The orc knight hits you with a +0 war axe!
* * * LOW HITPOINT WARNING * * *
The hobgoblin closely misses you.
It was a potion of resistance.
You feel protected.
The orc knight hits you with a +0 war axe.
You die...

#.........)(#########
.......(.#'##.......
....⌠....#..#...}..
.......###).# .... +
##.....#.oK.####)####..'?
#......###.....o)..^...#
≈≈≈~..)..#..####)####..#
≈≈≈≈≈~≈..####..go...# ##≈
....)≈≈≈≈≈≈∩#...@...#∩≈≈≈
#......≈≈≈≈≈#########≈≈≈≈
##.......≈≈≈≈≈≈≈≈≈≈≈≈≈≈#
###........~≈≈≈≈≈≈≈≈#
####.............##
####......∩..##
###.......## ####.....##
####...##


You could see an orc knight, an orc warrior (strong) and a hobgoblin.

Vanquished Creatures
  Prince Ribbit (D:6)
  A wraith (D:6)
  Menkaure (D:5)
  A water moccasin (D:5)
  An ice beast (D:5)
  A black bear (D:6)
  An orc warrior (Bailey)
  The ghost of Laveh the Chopper, an amateur MiFi (D:3)
  2 sky beasts
  2 ogres (D:4)
  2 bullfrogs (D:6)
  2 scorpions
  A jelly (D:4)
  2 orc priests
  2 sleepcaps (D:5)
  2 gnoll boudas (D:7)
  5 iguanas
  3 orc wizards
  12 gnolls
  6 adders
  A shadow imp (D:6)
  A white imp (D:5)
  An ufetubus (D:4)
  2 worms (D:5)
  2 dart slugs
  18 orcs
  4 ball pythons
  8 endoplasms
  3 giant cockroaches
  14 goblins
  12 hobgoblins
  4 jackals (D:3)
  18 kobolds
  5 quokkas
  A bat (D:1)
  3 frilled lizards
  6 rats
152 creatures vanquished.

Vanquished Creatures (collateral kills)
  2 foxfires (D:7)
2 creatures vanquished.

Vanquished Creatures (others)
  201 foxfires
201 creatures vanquished.

Grand Total: 355 creatures vanquished

Notes
Turn   | Place    | Note
-------+----------+-------------------------------------------
     0 | D:1      | hawla the Deep Elf Fire Elementalist began the quest for
                  | the Orb.
     0 | D:1      | Reached XP level 1. HP: 10/10 MP: 6/6
   132 | D:1      | Found a faded altar of an unknown god.
   213 | D:1      | Reached XP level 2. HP: 7/15 MP: 6/8
   695 | D:2      | Learned a level 2 spell: Scorch
  1198 | D:2      | Reached XP level 3. HP: 19/19 MP: 6/9
  1352 | D:2      | Found Xuarrem's Jewellery Shop.
  1773 | D:3      | Gained mutation: Your magical capacity is low. (-10% MP)
                  | [potion of mutation]
  1773 | D:3      | Gained mutation: You are partially covered in large bone
                  | plates. (SH +4) [potion of mutation]
  2437 | D:3      | Lost mutation: You are partially covered in large bone
                  | plates. (SH +4) [potion of mutation]
  2437 | D:3      | Lost mutation: Your magical capacity is low. (-10% MP)
                  | [potion of mutation]
  2437 | D:3      | Gained mutation: You expend magic power (3 MP) to
                  | strengthen your wands. [potion of mutation]
  2512 | D:3      | Found a runed translucent door.
  2534 | D:3      | Noticed Laveh's ghost (amateur MiFi)
  2545 | D:3      | Killed Laveh's ghost
  2546 | D:3      | Reached skill level 5 in Fire Magic
  2546 | D:3      | Reached XP level 4. HP: 24/24 MP: 2/12
  2546 | D:3      | Reached XP level 5. HP: 28/28 MP: 2/13
  2551 | D:3      | Learned a level 4 spell: Flame Wave
  3263 | D:4      | Reached skill level 3 in Conjurations
  3543 | D:4      | Noticed an ogre
  3551 | D:4      | Killed an ogre
  3552 | D:4      | Reached skill level 4 in Conjurations
  3552 | D:4      | Reached XP level 6. HP: 32/32 MP: 6/14
  3683 | D:4      | Reached skill level 5 in Conjurations
  3683 | D:4      | Reached skill level 5 in Spellcasting
  3812 | D:4      | Identified the +2 leather armour of Mutualism {rC++ Int+4}
  3869 | D:4      | Reached skill level 1 in Evocations
  4020 | D:4      | Reached XP level 7. HP: 34/36 MP: 11/16
  4360 | D:5      | Entered Level 5 of the Dungeon
  4502 | D:5      | Learned a level 5 spell: Iskenderun's Battlesphere
  4732 | D:5      | Reached skill level 6 in Conjurations
  4803 | D:5      | Noticed Menkaure
  4807 | D:5      | Killed Menkaure
  4808 | D:5      | Reached skill level 7 in Conjurations
  4968 | D:5      | Reached XP level 8. HP: 29/41 MP: 9/17
  5245 | D:5      | Found Anloel's Antique Armour Boutique.
  5684 | D:6      | Found Byitef's Tiny Tomes.
  5689 | D:6      | Bought Xiun's Tractate on the Charnel House for 110 gold
                  | pieces
  5829 | D:6      | Learned a level 4 spell: Dispel Undead
  6052 | D:6      | Found a hazy altar of Hepliaklqana.
  6057 | D:6      | Reached skill level 5 in Necromancy
  6346 | D:6      | Noticed Prince Ribbit
  6352 | D:6      | Killed Prince Ribbit
  6697 | D:7      | Reached skill level 8 in Conjurations
  6718 | D:7      | Reached XP level 9. HP: 34/45 MP: 3/21
  6819 | D:7      | Found a basalt altar of Yredelemnul.
  6856 | D:7      | Found a flagged portal.
  6869 | Bailey   | Entered a bailey
  6986 | Bailey   | Noticed an orc knight
  7006 | Bailey   | HP: 2/45 [orc knight/+0 war axe (7)]
  7007 | Bailey   | Slain by an orc knight

Illustrated notes

Levels and vault maps discovered:
D:1:      lemuel_arrival_river_passageway, layout_basic,
          hellmonk_ecumenical_altar_lost_god, chequers_jeans
D:2:      layout_loops_ring, serial_shops, shop, supply_closet_lemuel,
          grunt_ministairs_13, item_on_display_a
D:3:      corexii_shack_village, layout_loops_corners,
          ebering_ghost_reflecting_pool
D:4:      layout_basic
D:5:      layout_loops_corners, serial_shops, kennysheep_mini_moat,
          corexii_shack, uniq_menkaure
D:6:      layout_loops_ring, kennysheep_little_box,
          nicolae_shop_i_like_small_books_too, uniq_prince_ribbit1
D:7:      layout_cave_pools, mainiacjoe_overflow_chevrons,
          minmay_temple_entry_proselytizer, enter_bailey_4,
          hangedman_abyss_or_decor_stabs
Bailey:   bailey_axe_4, bailey

Skill      XL: |  1  2  3  4  5  6  7  8  9 |
---------------+----------------------------+-----
Fire Magic     | 4 5 6 |  6.3
Stealth        | 3 |  3.9
Spellcasting   | 4 5 6 7 |  7.5
Conjurations   | 4 5 7 8 |  8.2
Evocations     | 2 3 |  3.0
Necromancy     | 5 |  5.4
Dodging        | 3 |  3.0
Fighting       | |  0.1

Action                     |  1- 3 |  4- 6 |  7- 9 || total
---------------------------+-------+-------+-------++-------
  Melee: Unarmed           |    52 |     7 |       ||    59
         Punch             |     2 |     1 |       ||     3
         Staff             |       |     8 |    11 ||    19
   Cast: Foxfire           |    33 |    17 |    64 ||   114
         Scorch            |    27 |    26 |    46 ||    99
         Flame Wave        |       |     2 |     8 ||    10
         Iskenderun's Batt |       |       |     3 ||     3
    Use: Scroll            |     9 |     1 |    10 ||    20
         Potion            |     2 |       |     3 ||     5
   Stab: Sleeping          |     6 |     3 |     2 ||    11
 Armour: Robe              |     6 |    11 |     3 ||    20
         Leather armour    |       |       |     9 ||     9
  Dodge: Dodged            |    32 |    17 |    33 ||    82
  Block: Other             |     2 |       |       ||     2
